AoeStats
← waw15

African Clearing

503853840Analyzed
4v4 RM · 29d ago on Sep 2, 2026· 20m 49s· 8 players
Game mode
Random Map
Map size
Large (8 player)
Population
200
Speed
Normal
Resources
Standard
Victory
Conquest
Starting age
Dark Age
Ending age
Imperial Age
RankedLock teamsTeams togetherTeam positionsShared explorationLock speedFull tech treeHidden civsTurbo modeCheats
Victory
Defeat
🇹🇷 Cumans · Türkiye
1007
+14
🇸🇪 Magyars · Sweden
969
+16
🇵🇱 Hindustanis · Poland
936
+17
🇬🇧 Japanese · United Kingdom
889
+19
🇬🇷 Poles · Greece
999
-18
🇨🇳 Spanish · China
994
-18
🇨🇳 Chinese · China
934
-32
🇵🇪 Malay · Peru
932
-15
boo
Gerar1309
4:45 Loom
6:09 Loom
15:47 Feudal Age
16:10 Man-at-Arms
19:38 Forging
开局一片田
6:23 Loom
15:52 Feudal Age
19:46 Castle Age
18:12 Double-Bit Axe
19:04 Gold Mining
雷欧
15:32 Feudal Age
16:06 Horse Collar
20:25 Loom
Lennart Torstenson
3:58 Loom
14:31 Feudal Age
16:17 Double-Bit Axe
17:15 Horse Collar
22:13 Castle Age
waw15
13:57 Feudal Age
12:24 Loom
14:10 Feudal Age
18:40 Castle Age
19:30 Man-at-Arms
19:57 Gambesons
20:00 Double-Bit Axe
19:57 Horse Collar
PiotrekEs
6:40 Loom
13:47 Feudal Age
14:19 Double-Bit Axe
19:16 Bloodlines
19:32 Forging
19:29 Scale Barding Armor
cagatai
16:50 Feudal Age
15:06 Loom
17:43 Double-Bit Axe
20:47 Horse Collar
Connection lost

Rejoining the realm…

Still unreachable

The connection could not be restored.

Session expired

The server has moved on; the page needs a fresh start.